AoeStats
← 江 小田

Arabia

510290975Analyzed
2v2 RM · 8h ago on Sep 30, 2026· 49m 23s· 4 players
Game mode
Random Map
Map size
Medium (4 player)
Population
200
Speed
Normal
Resources
Standard
Victory
Conquest
Starting age
Dark Age
Ending age
Imperial Age
RankedLock teamsTeams togetherTeam positionsShared explorationLock speedFull tech treeHidden civsTurbo modeCheats
Victory
Defeat
🇹🇼 Huns · Taiwan
1038
+10
🇨🇳 Persians · China
941
+14
🇬🇪 Magyars · Georgia
929
-13
🇨🇳 Huns · China
871
-11
3262964762
2:49 Loom
12:46 Feudal Age
21:04 Castle Age
19:36 Horse Collar
19:42 Double-Bit Axe
20:42 Stone Mining
22:05 Wheelbarrow
27:10 Forging
27:05 Pikeman
35:03 Scale Mail Armor
37:32 Squires
rashed.adaileh2000
6:53 Loom
10:10 Feudal Age
21:44 Double-Bit Axe
25:48 Castle Age
24:07 Horse Collar
25:19 Town Watch
26:10 Wheelbarrow
26:18 Wheelbarrow
43:08 Pikeman
北賢龍
4:38 Loom
24:31 Feudal Age
25:19 Double-Bit Axe
27:58 Castle Age
25:50 Horse Collar
26:23 Scale Barding Armor
26:32 Bloodlines
26:58 Forging
26:52 Gold Mining
26:46 Man-at-Arms
28:48 Wheelbarrow
28:54 Bow Saw
28:11 Long Swordsman
29:38 Husbandry
30:34 Squires
32:23 Chain Barding Armor
32:08 Heavy Plow
34:19 Iron Casting
34:56 Gold Shaft Mining
35:47 Stone Mining
37:48 Hand Cart
46:44 Imperial Age
46:55 Fletching
48:22 Plate Barding Armor
47:09 Cavalier
47:13 Heavy Cavalry Archer
48:02 Thumb Ring
48:23 Parthian Tactics
49:12 Blast Furnace
49:15 Conscription
江 小田
4:23 Loom
11:52 Feudal Age
18:58 Castle Age
16:46 Double-Bit Axe
18:55 Bloodlines
20:57 Husbandry
21:06 Scale Barding Armor
21:12 Forging
27:49 Fletching
30:25 Bow Saw
33:05 Imperial Age
31:03 Gold Mining
32:24 Wheelbarrow
33:28 Ballistics
33:51 Hand Cart
34:41 Conscription
34:01 Cavalier
34:39 Bodkin Arrow
36:15 Two-Man Saw
35:23 Murder Holes
36:07 Kamandaran
37:02 Crossbowman
37:47 Thumb Ring
38:51 Iron Casting
38:37 Chain Barding Armor
38:17 Padded Archer Armor
39:36 Savar
40:54 Town Watch
42:14 Hoardings
43:07 Plate Barding Armor
43:33 Blast Furnace
43:16 Stone Mining
44:58 Gold Shaft Mining
45:45 Town Patrol
47:21 Horse Collar
49:32 Chemistry
50:06 Leather Archer Armor
Connection lost

Rejoining the realm…

Still unreachable

The connection could not be restored.

Session expired

The server has moved on; the page needs a fresh start.